 Dungeon Crawl Stone Soup version 0.26-a0-639-g72c4674329 (webtiles) character file.

Game seed: 11218333808902288065

13573 MrRokkomies the Blocker (level 11, -7/148 HPs)
             Began as a Demigod Delver on Sept 16, 2020.
             Mangled by a salamander
             ... wielding a +0 glaive
              (15 damage)
             ... in a volcano.
             The game lasted 00:20:23 (14629 turns).

MrRokkomies the Blocker (Demigod Delver)           Turns: 14629, Time: 00:20:24

Health: -7/148     AC: 17    Str: 21    XL:     11   Next: 49%
Magic:  14/14      EV:  7    Int: 20    God:
Gold:   892        SH: 19    Dex: 17    Spells: 10/10 levels left

rFire    + . .     SeeInvis .   a - +1 trident (venom)
rCold    + . .     Faith    .   B - +0 tower shield of Free Expression {Slay+3}
rNeg     . . .     Spirit   .   G - +0 chain mail
rPois    +         Reflect  .   L - +0 hat {MR+}
rElec    +         Harm     .   e - +2 cloak {rCorr}
rCorr    +         Rampage  .   E - +2 pair of gloves
MR       ++...                  v - +1 pair of boots
Stlth    ..........             (no amulet)
HPRegen  0.34/turn              C - +6 ring of intelligence
MPRegen  0.14/turn              u - ring of stealth

@: berserking (expiring), resistant, hasted, very quick
A: high mp 1
a: no special abilities


You were in a volcano.
You visited 3 branches of the dungeon, and saw 13 of its levels.
You also visited: Volcano.

You collected 996 gold pieces.
You spent 104 gold pieces at shops.

Inventory:

Hand Weapons
 a - a +1 trident of venom (weapon)
 b - a +1 hunting sling of flaming
Missiles
 i - 304 stones (quivered)
 o - 34 sling bullets
 r - 6 javelins
 D - 2 throwing nets
 K - 2 silver javelins
Armour
 e - a +2 cloak of preservation (worn)
 v - a +1 pair of boots (worn)
 B - the +0 tower shield of Free Expression (worn) {Slay+3}
   (You found it on level 6 of the Dungeon)

   It affects your accuracy and damage with ranged weapons and melee attacks
   (+3).
 E - a +2 pair of gloves (worn)
 G - a +0 chain mail (worn)
 L - a +0 hat of magic resistance (worn)
Jewellery
 u - a ring of stealth (right hand)
 C - a +6 ring of intelligence (left hand)
Wands
 g - a wand of digging (7)
 k - a wand of iceblast (1)
 n - a wand of polymorph (17)
 y - a wand of disintegration (10)
 z - a wand of enslavement (6)
 H - a wand of acid (5)
 N - a wand of flame (13)
Scrolls
 c - 2 scrolls of fog
 d - a scroll of magic mapping
 h - 3 scrolls of remove curse
 l - 5 scrolls of teleportation
 s - a scroll of enchant weapon
 x - 2 scrolls of enchant armour
Potions
 f - 2 potions of haste
 j - a potion of magic
 m - a potion of brilliance
 q - 8 potions of curing
 F - a potion of flight
 I - 5 potions of ambrosia
 J - a potion of stabbing


   Skills:
 - Level 10.0 Fighting
   Level 1.7 Long Blades
 - Level 3.7 Polearms
 - Level 5.0 Slings
 * Level 3.2 Armour
 - Level 3.6 Dodging
 - Level 4.5 Stealth
 * Level 12.0 Shields


You had 10 spell levels left.
You didn't know any spells.
Your spell library contained the following spells:

 Spells                   Type           Power        Failure   Level
 Freeze                   Ice            #...         100%        1
 Frozen Ramparts          Ice            #.....       100%        3
 Ozocubu's Armour         Ice            #.......     100%        3
 Hailstorm                Conj/Ice       #.......     100%        4
 Summon Ice Beast         Ice/Summ       #.......     100%        4


Dungeon Overview and Level Annotations

Branches:
Dungeon (9/15)             Temple (0/1) D:6            Lair (2/6) D:9
  Snake (0/4) Lair:2          Orc (2/2) D:9         Volcano (1/1)
  Swamp: Lair:2-4    Shoals: Lair:2-4       Elf: Orc:2

Shops:
D:8 (   D:9 !   Orc:1 (


Innate Abilities, Weirdness & Mutations

You have an increased reservoir of magic. (+10% MP)


Message History

The red draconian is lightly wounded.
The red draconian breathes flames at you.
The searing blast hits you! You resist.
* * * LOW HITPOINT WARNING * * *
Unknown command.
You completely miss the red draconian.
The red draconian is lightly wounded.
The salamander hits you but does no damage.
You puncture the red draconian!
The red draconian looks as sick as possible!
The red draconian is lightly wounded.
You block the red draconian's attack. You block the salamander's attack.
You puncture the red draconian!
The red draconian looks as sick as possible!
The red draconian is moderately wounded.
You block the red draconian's attack.
You closely miss the red draconian.
The red draconian is moderately wounded.
The salamander hits you from afar with a +0 glaive!
You die...

≈≈≈§§§≈≈§§§§≈≈≈§≈§≈≈§≈≈≈≈§≈≈≈≈§§≈
≈≈≈§≈≈≈.......§.§.......§≈≈≈≈≈≈§
######+########...≈≈≈§≈ #.#
#.≈≈.≈≈≈≈ #☼# #§§≈§.§≈§ #.#
#§≈§§≈.≈≈ #.# #.§§§≈..§
#.#.######.§≈§§§≈.
#@#......#§≈≈§§§§§
#d###++###.§§§≈≈≈≈ N). #§§§§≈§≈≈
.8_8. #.≈§§§§≈≈ '.....' #§≈§§≈§§≈
#############.≈≈§§≈§§ §
........§§§≈§≈§≈ ≈§≈
§≈≈≈≈§§§≈≈§§≈≈≈≈ ≈≈≈≈§
≈≈≈§≈§≈§≈§§§§≈≈§


You could see a red draconian (extremely poisoned, catching breath) and a
salamander.

Vanquished Creatures
  2 hydras (Lair:1)
  Nergalle (Lair:1)
  A salamander mystic (Volcano)
  3 salamanders (Volcano)
  2 cane toads (Lair:1)
  A black mamba (D:9)
  2 komodo dragons (Lair:1)
  A queen bee (Lair:1)
  A troll (Orc:2)
  2 hippogriffs
  Sigmund (D:2)
  4 wyverns
  4 yaks (Lair:1)
  2 fire bats (Volcano)
  A warg (Orc:1)
  3 water moccasins (Lair:1)
  8 orc warriors
  A sky beast (D:6)
  A swamp drake (D:9)
  A black bear (D:2)
  4 ice beasts
  3 phantoms
  4 ogres
  A centaur (D:6)
  2 crocodiles
  6 bullfrogs
  A wyvern zombie (D:7)
  A scorpion (D:5)
  A water moccasin skeleton (D:5)
  36 killer bees
  2 howler monkeys
  A bullfrog zombie (D:7)
  7 lava snakes (Volcano)
  A quasit (D:8)
  6 orc wizards
  6 orc priests
  A bullfrog skeleton (D:3)
  A jelly (D:6)
  Jessica (D:2)
  A centaur skeleton (D:4)
  7 worker ants
  An iguana (D:8)
  A worker ant zombie (D:8)
  7 gnolls
  14 adders
  A shadow imp (D:6)
  4 white imps
  An ufetubus (D:8)
  2 oozes
  2 adder skeletons
  A dart slug (D:1)
  7 leopard geckos
  39 orcs
  6 bats
  3 giant cockroaches
  7 goblins
  10 hobgoblins
  13 jackals
  6 quokkas
  2 ball pythons
  3 frilled lizards
  10 kobolds
  A leopard gecko zombie (D:8)
  A quokka zombie (D:5)
  7 rats (D:2)
284 creatures vanquished.

Vanquished Creatures (others)
  5 dream sheep (Lair:1)
  3 fungi (Lair:1)
  10 plants (D:4)
18 creatures vanquished.

Grand Total: 302 creatures vanquished

Notes
Turn   | Place    | Note
-------+----------+-------------------------------------------
     0 | D:5      | MrRokkomies the Demigod Delver began the quest for the Orb.
     0 | D:5      | Reached XP level 1. HP: 18/18 MP: 3/3
     3 | D:5      | Noticed a scorpion
    29 | D:4      | Noticed an ogre
   137 | D:3      | Found a shimmering blue altar of Sif Muna.
   137 | D:3      | Found a glowing golden altar of the Shining One.
   160 | D:3      | Reached XP level 2. HP: 21/26 MP: 4/4
   247 | D:3      | Reached skill level 1 in Polearms
   291 | D:3      | Found a hazy altar of Hepliaklqana.
   327 | D:3      | Reached XP level 3. HP: 31/31 MP: 5/5
   708 | D:3      | Reached XP level 4. HP: 38/38 MP: 6/6
   714 | D:3      | Reached skill level 1 in Slings
  1366 | D:2      | Noticed a black bear
  1378 | D:2      | Killed a black bear
  1378 | D:2      | Reached XP level 5. HP: 13/46 MP: 7/7
  1974 | D:2      | Found an iron altar of Okawaru.
  2029 | D:2      | Reached XP level 6. HP: 53/53 MP: 8/8
  2100 | D:2      | Noticed Sigmund
  2110 | D:2      | Killed Sigmund
  2374 | D:2      | Noticed Jessica
  2379 | D:2      | Killed Jessica
  3857 | D:4      | Reached skill level 5 in Fighting
  3857 | D:4      | Reached XP level 7. HP: 61/61 MP: 9/9
  4554 | D:5      | You fall into a shaft and drop 1 floor!
  4636 | D:6      | Got a crude tower shield
  4642 | D:6      | Identified the cursed +0 tower shield of Free Expression
                  | {Slay+3} (You found it on level 6 of the Dungeon)
  4805 | D:5      | Reached skill level 1 in Shields
  5223 | D:6      | Found a staircase to the Ecumenical Temple.
  5302 | D:6      | Reached skill level 2 in Shields
  5397 | D:6      | Reached XP level 8. HP: 70/70 MP: 10/10
  5522 | D:6      | Reached skill level 3 in Shields
  5793 | D:7      | Reached skill level 5 in Slings
  5800 | D:7      | Reached skill level 4 in Shields
  6175 | D:7      | Noticed a hippogriff
  6192 | D:7      | Killed a hippogriff
  6192 | D:7      | Reached skill level 5 in Shields
  6458 | D:7      | Reached XP level 9. HP: 78/78 MP: 11/11
  7207 | D:8      | Reached skill level 6 in Shields
  7298 | D:8      | Identified a scroll of acquirement
  7298 | D:8      | Acquired a +2 cloak of preservation
  7678 | D:8      | Found Asairor's Antique Weapon Emporium.
  7767 | D:8      | Reached skill level 7 in Shields
  7970 | D:9      | Found a shadowy altar of Dithmenos.
  8240 | D:9      | Found a staircase to the Lair.
  8453 | D:9      | Reached skill level 8 in Shields
  8860 | D:9      | Found a staircase to the Orcish Mines.
  8871 | D:9      | Found a roughly hewn altar of Beogh.
  9391 | D:9      | Found Hiywna's Distillery.
  9400 | D:9      | Bought a potion of heal wounds for 65 gold pieces
  9400 | D:9      | Bought a potion of curing for 39 gold pieces
  9635 | Orc:1    | Entered Level 1 of the Orcish Mines
  9974 | Orc:1    | Reached XP level 10. HP: 80/88 MP: 13/13
 10039 | Orc:1    | Found Heeqowest's Antique Weapon Emporium.
 10181 | Orc:2    | Entered Level 2 of the Orcish Mines
 10465 | Orc:1    | Reached skill level 9 in Shields
 10865 | Lair:1   | Entered Level 1 of the Lair of Beasts
 10865 | Lair:1   | Noticed a black mamba
 10983 | D:9      | Killed a black mamba
 11534 | Lair:1   | Noticed a five-headed hydra
 11565 | Lair:1   | Killed a five-headed hydra
 11565 | Lair:1   | Reached skill level 10 in Shields
 11906 | Lair:1   | Found a shimmering altar of Xom.
 12392 | Lair:1   | Noticed Nergalle
 12407 | Lair:1   | Killed Nergalle
 12706 | Lair:1   | Reached XP level 11. HP: 84/97 MP: 14/14
 12707 | Lair:1   | Reached skill level 11 in Shields
 13228 | Lair:1   | Noticed a six-headed hydra
 13238 | Lair:1   | Killed a six-headed hydra
 13238 | Lair:1   | Reached skill level 10 in Fighting
 13764 | Lair:1   | Found an opulent altar of Gozag.
 13928 | Lair:2   | Found a dark tunnel.
 13937 | Volcano  | Entered a volcano
 14059 | Volcano  | Reached skill level 1 in Armour
 14601 | Volcano  | Found a burning altar of Makhleb.
 14601 | Volcano  | Noticed a salamander mystic
 14609 | Volcano  | Noticed a red draconian
 14610 | Volcano  | Killed a salamander mystic
 14611 | Volcano  | Reached skill level 12 in Shields
 14625 | Volcano  | HP: 7/148 [red draconian/searing blast (12)]
 14629 | Volcano  | Mangled by a salamander

Illustrated notes

Levels and vault maps discovered:
D:1:      nzn_arrival_depleted_hourglass, layout_loops_ring, amethyst_killhole
D:2:      layout_rooms, okawaru_altar_gauntlet_db, uniq_jessica, uniq_sigmund
D:3:      layout_loops_ring, gammafunk_temple_overflow_statue,
          lemuel_altar_in_water
D:4:      layout_loops_corners, serial_bayou_lagoon_b
D:5:      layout_cave_pools, minmay_misc_feat_four_crosses
D:6:      layout_basic, temple_fountains
D:7:      layout_basic, kennysheep_crisscross
D:8:      layout_rooms, serial_shops, shop
D:9:      layout_roguey, lemuel_round_altar, erik_lair_dragon,
          minmay_orc_entry_temple_small, serial_shops, shop_coins,
          kennysheep_decorative_pillar
Lair:1:   wander_river, layout_small_grid, basic_altar, special_room
          [special_room_bee], kb_xom_exploding_sheep, uniq_nergalle
Lair:2:   dragon1_lemuel, layout_long_grid, minmay_snake_entry_guardpost_small,
          enter_volcano_1, chequers_serial_rivers_micro_b,
          chequers_serial_rivers_micro_a, minmay_stone_trees_small,
          st_stairs_12, beast_lair_carwin_3
Orc:1:    layout_caves, serial_shops, shop, ebering_ghost_rock_garden
Orc:2:    pf_orc_diabolical, layout_caves, uniq_rupert, uniq_donald
Volcano:  volcano_lake [vl_original]

Skill      XL: |  1  2  3  4  5  6  7  8  9 10 11 |
---------------+----------------------------------+-----
Fighting       | 3 4 5 6 8 9 10 | 10.0
Dodging        | 2 3 |  3.6
Polearms       | 1 2 3 |  3.7
Slings         | 1 2 4 5 |  5.0
Shields        | 2 5 8 10 12 | 12.0
Armour         | 3 |  3.2
Long Blades    | |  1.7
Stealth        | |  4.5

Action                   |  1- 3 |  4- 6 |  7- 9 | 10-12 || total
-------------------------+-------+-------+-------+-------++-------
Melee: Trident           |     4 |       |   176 |   232 ||   412
       Halberd           |       |     5 |       |       ||     5
 Fire: Hunting sling     |    51 |   218 |   327 |   132 ||   728
Throw: Throwing net      |       |     1 |       |       ||     1
Evoke: Wand              |       |       |       |     9 ||     9
  Use: Scroll            |     1 |     4 |     6 |    10 ||    21
       Potion            |       |       |       |     7 ||     7
 Stab: Sleeping          |     1 |       |       |       ||     1
Armor: Leather armour    |     3 |    20 |    16 |       ||    39
       Chain mail        |       |       |    87 |   137 ||   224
Dodge: Dodged            |    14 |    62 |    56 |    70 ||   202
Block: Tower shield      |       |       |   261 |   379 ||   640

Table legend: (Time is in decaauts)
 A = Elapsed time spent in this place.
 B = Non-inter-level travel time spent in this place.
 C = Inter-level travel time spent in this place.
 D = Time resting spent in this place.
 E = Time spent auto-exploring this place.
 F = Levels seen in this place.
 G = Mean time per level.
                   A        B        C        D        E       F      G
               +--------+--------+--------+--------+--------+-----+--------+
         Total |  14820 |  14426 |    394 |   1838 |  10338 |  14 | 1058.6 |
       Dungeon |  10630 |  10256 |    374 |   1242 |   7506 |   9 | 1181.1 |
          Lair |   2667 |   2655 |     12 |      6 |   2255 |   2 | 1333.5 |
  Orcish Mines |    832 |    824 |      8 |    399 |    256 |   2 |  416.0 |
       Volcano |    689 |    689 |      0 |    191 |    321 |   1 |  689.0 |
               +--------+--------+--------+--------+--------+-----+--------+

Top non-repeatable levels by time:
  Lair:1: 2642 daAuts
     D:9: 2610 daAuts
     D:7: 1419 daAuts
     D:3: 1314 daAuts
     D:2: 1152 daAuts
     D:4: 1076 daAuts
     D:1: 848 daAuts
     D:6: 786 daAuts
     D:8: 757 daAuts
 Volcano: 689 daAuts
   Orc:1: 684 daAuts
     D:5: 666 daAuts
   Orc:2: 147 daAuts
  Lair:2: 24 daAuts
